 Dungeon Crawl Stone Soup version 0.31-a0-175-g9f7f995f2b (webtiles) character file.

Game seed: 4329971444892254474

347 MacCMillion the Chiller (level 6, -1/44 HPs)
             Began as a Gnoll Ice Elementalist on June 17, 2023.
             Slain by an orc priest
             ... wielding a +0 trident
              (6 damage)
             ... on level 4 of the Dungeon.
             The game lasted 00:07:19 (4145 turns).

MacCMillion the Chiller (Gnoll Ice Elementalist)    Turns: 4145, Time: 00:07:19

Health: -1/44      AC: 10    Str: 13    XL:     6   Next: 59%
Magic:  5/14       EV: 13    Int: 17    God:
Gold:   213        SH:  0    Dex: 12    Spells: 8/15 levels left

rFire   . . .        f - +0 short sword (flame)
rCold   . . .        (no shield)
rNeg    . . .        a - +0 robe
rPois   .            (no helmet)
rElec   .            h - +0 cloak
rCorr   .            (no gloves)
SInv    .            (no boots)
Will    .....        (no amulet)
Stlth   +++          u - +6 ring of strength
HPRegen 0.27/turn    (no ring)
MPRegen 0.14/turn

%: no passive effects
@: ice-armoured, freezing walls
A: fangs 1, strong nose, distributed training
a: no special abilities


You were on level 4 of the Dungeon.
You visited 2 branches of the dungeon, and saw 5 of its levels.

You collected 288 gold pieces.
You spent 75 gold pieces at shops.

Inventory:

Hand Weapons
 f - a +0 short sword of flaming (weapon)
 j - a +0 sling
 p - a +1 dagger of venom
Missiles
 o - a throwing net
Armour
 a - a +0 robe (worn)
 h - a +0 cloak (worn)
Jewellery
 n - an amulet of faith
 u - a +6 ring of strength (left hand)
Wands
 q - a wand of roots (8)
Scrolls
 g - a scroll of revelation {unknown}
 i - 2 scrolls of teleportation {unknown}
 l - 4 scrolls of identify {unknown}
 r - 3 scrolls of enchant armour {unknown}
 w - a scroll of blinking {unknown}
Potions
 b - a potion of magic
 c - 4 potions of heal wounds {unknown}
 d - 2 potions of ambrosia {unknown}
 e - 2 potions of curing {unknown}
 k - a potion of enlightenment {unknown}
 m - a potion of attraction {unknown}
 s - 2 potions of lignification {unknown}
 t - a potion of might {unknown}
 v - a potion of degeneration {unknown}


   Skills:
 + Level 2.1 Fighting
 + Level 2.1 Short Blades
 + Level 2.1 Long Blades
 + Level 2.1 Axes
 + Level 2.1 Maces & Flails
 + Level 2.1 Polearms
 + Level 2.1 Staves
 + Level 2.1 Ranged Weapons
 + Level 2.1 Throwing
 + Level 2.1 Armour
 + Level 5.0 Dodging
 + Level 4.7 Stealth
 + Level 2.1 Shields
 + Level 2.1 Unarmed Combat
 + Level 5.4 Spellcasting
 + Level 1.6 Conjurations
 + Level 1.6 Hexes
 + Level 1.6 Summonings
 + Level 1.6 Necromancy
 + Level 1.6 Translocations
 + Level 1.6 Transmutations
 + Level 1.6 Fire Magic
 + Level 7.3 Ice Magic
 + Level 1.6 Air Magic
 + Level 1.6 Earth Magic
 + Level 1.6 Poison Magic
 + Level 2.3 Invocations
 + Level 2.1 Evocations


You had 8 spell levels left.
You knew the following spells:

 Your Spells              Type           Power      Damage    Failure   Level
a - Freeze                Ice            100%       1d10      1%          1
b - Frozen Ramparts       Ice            58%        1d9       1%          3
c - Ozocubu's Armour      Ice            29%        N/A       1%          3

Your spell library contained the following spells:

 Spells                   Type           Power      Damage    Failure   Level
 Apportation              Tloc           20%        N/A       7%          1
 Necrotise                Necr           40%        1d6       7%          1
 Summon Small Mammal      Summ           40%        N/A       7%          1
 Blink                    Tloc           20%        N/A       11%         2
 Summon Ice Beast         Ice/Summ       19%        N/A       22%         4
 Manifold Assault         Tloc           10%        N/A       56%         4
 Storm Form               Tmut/Air       5%         N/A       100%        7


Dungeon Overview and Level Annotations

Branches:
Dungeon (4/15)             Temple (1/1) D:4

Altars:
Gozag
Makhleb
Nemelex Xobeh
Qazlal
Ru
Sif Muna
Wu Jian
Yredelemnul
The Shining One

Shops:
D:2 :   D:3 *

Annotations:
D:4 Menkaure


Innate Abilities, Weirdness & Mutations

You have very sharp teeth.
Your uncanny sense of smell can sniff out nearby items.
Your experience applies equally to all skills.


Message History

Menkaure closely misses you.
You barely miss Menkaure. You bite Menkaure, but do no damage.
Menkaure is moderately damaged.
Menkaure resists.
The wall freezes Menkaure.
Menkaure barely misses you.
The adder skeleton completely resists.
The wall freezes the adder skeleton but does no damage.
The adder skeleton bites you but does no damage.
The wall freezes the orc priest but does no damage.
The orc priest barely misses you.
You hit Menkaure. You burn Menkaure. You punch Menkaure.
Menkaure is heavily damaged.
Menkaure completely resists.
The wall freezes Menkaure but does no damage.
Menkaure closely misses you.
The adder skeleton completely resists.
The wall freezes the adder skeleton but does no damage.
The adder skeleton bites you.
The wall freezes the orc priest.
The orc priest closely misses you.
You hit Menkaure but do no damage. You punch Menkaure.
Menkaure is severely damaged.
The frozen ramparts melt away.
Menkaure closely misses you.
The adder skeleton bites you but does no damage.
The orc priest barely misses you.
You hit Menkaure but do no damage. You bite Menkaure, but do no damage.
Menkaure is severely damaged.
Menkaure hits you! The adder skeleton bites you.
The orc priest closely misses you.
Casting: Ozocubu's Armour (safe; 1% risk of failure)
Confirm with . or Enter, or press ? or * to list all spells.
Casting: Frozen Ramparts (safe; 1% risk of failure)
Press: ? - help, Dir - look around, f - activate The walls around you are covered in ice.
Menkaure resists.
The wall freezes Menkaure.
Menkaure barely misses you.
The adder skeleton completely resists.
The wall freezes the adder skeleton but does no damage.
The adder skeleton bites you but does no damage.
Menkaure resists.
The wall freezes Menkaure.
Menkaure hits you!!
* * * LOW HITPOINT WARNING * * *
The wall freezes the orc priest but does no damage.
The orc priest hits you from afar with a +0 trident.
You die...

##..........## #.## #..# ..
#.........## #.# #..†## #
#####.##### #. #./...##.
....# #.. #..##.... #....#
#.# #.[..#... #....# #.#
####..#..... #....#
##.####........... #.....
#.g...............
#.....Z.###@##...##....>..<.
#...ZM##...##.........
####.go..........####.
##....>............
#.........##.#..#.
#.##...##.##.##...
#.##...##..#.# #..
#..........#.# ..
###..##......# .


You could see Menkaure (fast), an orc priest, 2 goblins and an adder skeleton.

Vanquished Creatures
  2 howler monkeys
  A bullfrog zombie (D:4)
  A hound (D:2)
  An orc wizard (D:4)
  3 gnolls
  5 adders
  An adder zombie (D:4)
  2 worms
  5 dart slugs
  8 orcs
  5 ball pythons
  5 endoplasms
  4 giant cockroaches
  5 goblins
  8 hobgoblins
  10 kobolds
  6 quokkas
  3 bats
  7 frilled lizards
  5 rats
87 creatures vanquished.

Notes
Turn   | Place    | Note
-------+----------+-------------------------------------------
     0 | D:1      | MacCMillion the Gnoll Ice Elementalist began the quest for
                  | the Orb.
     0 | D:1      | Reached XP level 1. HP: 13/13 MP: 6/6
   110 | D:1      | Reached XP level 2. HP: 19/19 MP: 3/7
   829 | D:1      | Reached skill level 5 in Spellcasting
   829 | D:1      | Reached XP level 3. HP: 25/25 MP: 6/9
   833 | D:1      | Learned a level 3 spell: Frozen Ramparts
   837 | D:1      | Learned a level 3 spell: Ozocubu's Armour
  1290 | D:2      | Reached skill level 1 in Invocations
  1524 | D:2      | Found Lasydul's Vocational Training.
  1666 | D:2      | Reached skill level 1 in Fighting
  1666 | D:2      | Reached skill level 1 in Short Blades
  1666 | D:2      | Reached skill level 1 in Long Blades
  1666 | D:2      | Reached skill level 1 in Axes
  1666 | D:2      | Reached skill level 1 in Maces & Flails
  1666 | D:2      | Reached skill level 1 in Polearms
  1666 | D:2      | Reached skill level 1 in Staves
  1666 | D:2      | Reached skill level 1 in Ranged Weapons
  1666 | D:2      | Reached skill level 1 in Throwing
  1666 | D:2      | Reached skill level 1 in Armour
  1666 | D:2      | Reached skill level 1 in Shields
  1666 | D:2      | Reached skill level 1 in Unarmed Combat
  1666 | D:2      | Reached skill level 1 in Evocations
  2031 | D:2      | Reached XP level 4. HP: 5/32 MP: 3/11
  2034 | D:2      | Reached skill level 1 in Conjurations
  2034 | D:2      | Reached skill level 1 in Hexes
  2034 | D:2      | Reached skill level 1 in Summonings
  2034 | D:2      | Reached skill level 1 in Necromancy
  2034 | D:2      | Reached skill level 1 in Translocations
  2034 | D:2      | Reached skill level 1 in Transmutations
  2034 | D:2      | Reached skill level 1 in Fire Magic
  2034 | D:2      | Reached skill level 1 in Air Magic
  2034 | D:2      | Reached skill level 1 in Earth Magic
  2034 | D:2      | Reached skill level 1 in Poison Magic
  2208 | D:3      | Reached XP level 5. HP: 29/37 MP: 6/12
  3097 | D:3      | Found Zejoarphim's Assorted Antiques.
  3154 | D:3      | Bought a fizzy silvery potion for 23 gold pieces
  3154 | D:3      | Bought 2 scrolls labelled BIMUNA XOYTEZA for 52 gold pieces
  3364 | D:3      | Found a faded altar of an unknown god.
  3395 | D:3      | Found a burning altar of Makhleb.
  3484 | D:4      | Noticed Menkaure
  3623 | D:4      | Reached XP level 6. HP: 15/44 MP: 9/14
  3859 | D:4      | Reached skill level 5 in Dodging
  4108 | D:4      | Found a staircase to the Ecumenical Temple.
  4127 | Temple   | Entered the Ecumenical Temple
  4145 | D:4      | Slain by an orc priest

Illustrated notes

Levels and vault maps discovered:
D:1:      ncdulo_smallfort, layout_basic, dk_noncrumbling_4, minmay_box_of_dots
D:2:      layout_loops_cross, nicolae_shop_vocational
D:3:      minmay_inner_zag, layout_loops_ring,
          nicolae_overflow_ecumenical_swirl, serial_shops, shop
D:4:      layout_rooms, cheibriados_altar_1, grunt_dithmenos_smoke_and_mirrors,
          minmay_temple_entry_stoned_glass, serial_undead, serial_undead_c,
          serial_undead_f, serial_undead_a, serial_undead_e,
          minmay_joined_circles, uniq_duvessa, uniq_menkaure
Temple:   hellmonk_temple_micro_hex

Skill      XL: |  1  2  3  4  5  6 |
---------------+-------------------+-----
Spellcasting   | 5 |  5.4
Invocations    | 1 2 |  2.3
Fighting       | 1 2 |  2.1
Short Blades   | 1 2 |  2.1
Long Blades    | 1 2 |  2.1
Axes           | 1 2 |  2.1
Maces & Flails | 1 2 |  2.1
Polearms       | 1 2 |  2.1
Staves         | 1 2 |  2.1
Ranged Weapons | 1 2 |  2.1
Throwing       | 1 2 |  2.1
Armour         | 1 2 |  2.1
Shields        | 1 2 |  2.1
Unarmed Combat | 1 2 |  2.1
Evocations     | 1 2 |  2.1
Conjurations   | 1 |  1.6
Hexes          | 1 |  1.6
Summonings     | 1 |  1.6
Necromancy     | 1 |  1.6
Translocations | 1 |  1.6
Transmutations | 1 |  1.6
Fire Magic     | 1 |  1.6
Air Magic      | 1 |  1.6
Earth Magic    | 1 |  1.6
Poison Magic   | 1 |  1.6
Dodging        | 5 |  5.0
Stealth        | |  4.7
Ice Magic      | |  7.3

Action                     |  1- 3 |  4- 6 || total
---------------------------+-------+-------++-------
  Melee: Unarmed           |     2 |       ||     2
         Short sword       |     4 |    40 ||    44
         Punch             |     1 |     3 ||     4
         Dagger            |       |    40 ||    40
         Bite              |       |    10 ||    10
   Fire: Sling             |    28 |       ||    28
   Cast: Freeze            |    32 |     1 ||    33
         Frozen Ramparts   |     4 |    32 ||    36
         Ozocubu's Armour  |     1 |     4 ||     5
   Stab: Sleeping          |     2 |       ||     2
 Armour: Robe              |     4 |    18 ||    22
  Dodge: Dodged            |    26 |    49 ||    75

Table legend: (Time is in decaauts)
 A = Elapsed time spent in this place.
 B = Non-inter-level travel time spent in this place.
 C = Inter-level travel time spent in this place.
 D = Time resting spent in this place.
 E = Time spent auto-exploring this place.
 F = Levels seen in this place.
 G = Mean time per level.
                   A        B        C        D        E       F      G
               +--------+--------+--------+--------+--------+-----+--------+
         Total |   4146 |   4025 |    121 |   1219 |   2110 |   5 |  829.2 |
       Dungeon |   4144 |   4023 |    121 |   1219 |   2110 |   4 | 1036.0 |
        Temple |      1 |      1 |      0 |      0 |      0 |   1 |    1.0 |
               +--------+--------+--------+--------+--------+-----+--------+

Top non-repeatable levels by time:
     D:3: 1296 daAuts
     D:1: 1237 daAuts
     D:2: 981 daAuts
     D:4: 628 daAuts
  Temple: 1 daAuts
